AoeStats
← ska_18

MegaRandom

504501841Analyzed
3v3 RM · 27d ago on Sep 5, 2026· 30m 10s· 6 players
Game mode
Random Map
Map size
Normal (6 player)
Population
200
Speed
Normal
Resources
Standard
Victory
Conquest
Starting age
Dark Age
Ending age
Imperial Age
RankedLock teamsTeams togetherTeam positionsShared explorationLock speedFull tech treeHidden civsTurbo modeCheats
Victory
Defeat
🇮🇹 Khitans · Italy
1197
+13
🇮🇹 Franks · Italy
1091
+17
🇬🇧 Saracens · United Kingdom
1046
+19
🇪🇸 Romans · Spain
1160
-18
🇷🇺 Lithuanians · Russia
1108
-16
🇦🇹 Saracens · Austria
1083
-15
ska_18
(。> Maryna <。)
6:34 Loom
10:55 Feudal Age
14:12 Double-Bit Axe
14:56 Forging
22:32 Castle Age
22:29 Man-at-Arms
23:22 Pikeman
24:08 Squires
27:02 Long Swordsman
DM
5:43 Loom
9:16 Feudal Age
17:18 Gold Mining
17:13 Horse Collar
17:18 Double-Bit Axe
19:49 Castle Age
20:04 Scale Barding Armor
20:13 Bloodlines
23:11 Forging
25:42 Bow Saw
25:34 Heavy Plow
Botgamer928
0:31 Loom
10:29 Feudal Age
14:35 Castle Age
16:35 Forging
16:30 Scale Barding Armor
18:34 Iron Casting
23:20 Fishing Lines
25:44 Bloodlines
27:27 Double-Bit Axe
Napopappone
0:32 Loom
11:01 Feudal Age
14:44 Castle Age
13:08 Domestication
13:27 Double-Bit Axe
17:32 Bow Saw
24:03 Imperial Age
25:44 Scale Barding Armor
25:49 Forging
26:57 Two-Man Saw
27:03 Husbandry
27:53 Fletching
30:15 Wheelbarrow
29:29 Town Watch
30:13 Fervor
30:38 Gold Mining
Grinch
10:28 Feudal Age
12:32 Fishing Lines
19:37 Castle Age
19:04 Arson
20:30 Pikeman
22:49 Gillnets
24:27 Squires
25:03 Scale Mail Armor
25:16 Double-Bit Axe
27:48 Chain Mail Armor
29:52 Husbandry
Connection lost

Rejoining the realm…

Still unreachable

The connection could not be restored.

Session expired

The server has moved on; the page needs a fresh start.